 Dungeon Crawl Stone Soup version 0.21-a0-241-g2cbab09 (webtiles) character file.

107 tehllama the Digger (level 4, 1/49 HPs)
             Began as a Demigod Earth Elementalist on Sept 3, 2017.
             Quit the game on level 3 of the Dungeon.
             The game lasted 00:04:37 (2121 turns).

tehllama the Digger (Demigod Earth Elementalist)    Turns: 2121, Time: 00:04:38

Health: 1/49       AC: 22    Str: 13    XL:     4   Next: 32%
Magic:  2/11       EV:  2    Int: 19    God:
Gold:   122        SH:  0    Dex: 16    Spells: 8/9 levels left

rFire    . . .     SeeInvis .   r - +3 whip
rCold    . . .     Gourm    .   (no shield)
rNeg     + + +     Faith    .   (armour currently unavailable)
rPois    +         Spirit   +   (helmet currently unavailable)
rElec    .         Reflect  .   (cloak currently unavailable)
rCorr    .         Harm     .   (gloves currently unavailable)
MR       .....     NoTele   +   (boots currently unavailable)
Stlth    ++........             j - amulet of guardian spirit
HPRegen  0.16/turn              (no ring)
MPRegen  0.12/turn              (no ring)

@: lethally poisoned (1 -> 0), tree-form
A: high mp 1
a: no special abilities


You were on level 3 of the Dungeon.
You were hungry.
You were a tree.
You visited 1 branch of the dungeon, and saw 3 of its levels.

You collected 122 gold pieces.

Inventory:

Hand Weapons
 i - a +2 hand axe of chopping
 r - a +3 whip (weapon)
 s - a cursed -2 whip
Missiles
 b - 77 stones (quivered)
Armour
 c - a +0 robe (melded)
Jewellery
 j - an amulet of guardian spirit (around neck)
 k - a +6 ring of strength {unknown}
Scrolls
 f - a scroll of enchant weapon {unknown}
 g - 5 scrolls of identify {unknown}
 m - 3 scrolls of amnesia {unknown}
 n - a scroll of enchant armour {unknown}
 p - 2 scrolls of teleportation {unknown}
 q - a scroll of remove curse {unknown}
Potions
 a - a potion of might
 l - a potion of haste
Books
 e - a book of Geomancy

   Spells                             Type                      Level
   a - Sandblast                      Earth                        1
   b - Passwall                       Transmutation/Earth          2
   c - Stone Arrow                    Conjuration/Earth            3
   d - Petrify                        Transmutation/Earth          4
   e - Lee's Rapid Deconstruction     Earth                        5
Comestibles
 d - a bread ration


   Skills:
 - Level 1.8 Dodging
 - Level 2.0 Stealth
 + Level 3.0 Spellcasting
   Level 0.8 Transmutations
 + Level 3.9 Earth Magic


You had 8 spell levels left.
You knew the following spells:

 Your Spells              Type           Power        Failure   Level  Hunger
a - Sandblast             Erth           ###...       3%          1    None


Dungeon Overview and Level Annotations

Branches:
Dungeon (3/15)


Innate Abilities, Weirdness & Mutations

You have an increased reservoir of magic. (+10% MP)


Message History

Your magical contamination has completely faded away.
You feel yourself slow down.
You feel a little less mighty now.
Your resistance to elements expires.
* * * LOW HITPOINT WARNING * * *
You feel sick.
It was a potion of lignification.
You turn into a tree.
Your +0 robe melds into your body.
Your roots penetrate the ground.
There is a lethal amount of poison in your body!
There is a lethal amount of poison in your body!
* * * LOW HITPOINT WARNING * * *
You feel sick.
* * * LOW HITPOINT WARNING * * *
You feel sick.
* * * LOW HITPOINT WARNING * * *
You feel sick.
* * * LOW HITPOINT WARNING * * *
You feel sick.
Unknown command.
Sorry, you're not good enough to have a special ability.
Are you sure you want to abandon this character and quit the game? (Confirm with "yes".)

########
#...<..#
#..♣...#
#.))†..#
......<..#
?.##.........
#.......###
#...)...#
#.......#
.......>#


There were no monsters in sight!

Vanquished Creatures
  3 adders
  An ooze (D:2)
  2 worms (D:2)
  7 dart slugs
  3 orcs (D:3)
  6 bats
  A giant cockroach (D:1)
  5 goblins
  7 hobgoblins
  3 jackals (D:1)
  2 quokkas
  3 frilled lizards
  5 kobolds
  6 rats
54 creatures vanquished.

Notes
Turn   | Place    | Note
-------+----------+-------------------------------------------
     0 | D:1      | tehllama the Demigod Earth Elementalist began the quest for the Orb.
     0 | D:1      | Reached XP level 1. HP: 14/14 MP: 5/5
   134 | D:1      | Reached XP level 2. HP: 6/20 MP: 1/7
   749 | D:1      | Reached XP level 3. HP: 22/26 MP: 6/9
   946 | D:2      | Found a shattered altar of Ashenzari.
  1185 | D:2      | HP: 1/26 [worm (4)]
  1227 | D:2      | HP: 1/26 [adder (2)]
  1637 | D:2      | Reached XP level 4. HP: 27/33 MP: 5/11
  1668 | D:2      | Found a stormy altar of Qazlal.
  1668 | D:2      | Found a glowing silver altar of Zin.
  2108 | D:3      | HP: 2/49 [poisoned by an orc]
  2115 | D:3      | HP: 1/49 [poisoned by an orc]
  2121 | D:3      | Quit the game

Vault maps used:
D:1:      dpeg_arrival_rhombi
D:2:      lemuel_crystal_altar, gammafunk_temple_overflow_statue
D:3:      grunt_temple_overflow_magic_moments, lemuel_round_altar, first_bread,
          uniq_robin, uniq_terence

Skill      XL: |  1  2  3  4 |
---------------+-------------+-----
Stealth        | 2 |  2.0
Spellcasting   | 2 3 |  3.0
Earth Magic    | 3 |  3.9
Dodging        | |  1.8
Transmutations | |  0.8

Action                   |  1- 3 |  4- 6 || total
-------------------------+-------+-------++-------
Melee: Unarmed           |    10 |       ||    10
       Hand axe          |    60 |       ||    60
       Whip              |       |    19 ||    19
 Cast: Sandblast         |    23 |     8 ||    31
  Use: Potion            |       |     8 ||     8
 Stab: Sleeping          |     4 |     2 ||     6
  Eat: Chunk             |     2 |     1 ||     3
Armor: Robe              |    14 |     2 ||    16
Dodge: Dodged            |    39 |    12 ||    51

Table legend:
 A = Spawn XP
 B = Non-spawn XP
 C = Spawn XP percentage of total XP
 D = Spawn monster count
 E = Non-spawn monster count
 F = Spawn count percentage of total count
 G = Total turns spent on level
                    A         B        C        D         E        F      G
               +---------+---------+-------+---------+---------+-------+---------
         Total |      45 |     109 |  29.2 |      10 |      44 |  18.5 |  2121
               +---------+---------+-------+---------+---------+-------+---------
           D:1 |       9 |      50 |  15.3 |       5 |      24 |  17.2 |   846
           D:2 |      36 |      37 |  49.3 |       5 |      16 |  23.8 |  1237
           D:3 |       0 |      22 |   0.0 |       0 |       4 |   0.0 |    38
               +---------+---------+-------+---------+---------+-------+---------
